[Event "Romanian Rapid Open 2022"]
[Site "Sebes"]
[Date "2022.12.02"]
[Round "7.3"]
[White "Cosma, Ioan"]
[Black "Dragomirescu, Robin-Alexandru"]
[Result "0-1"]
[ECO "E94"]
[WhiteElo "2368"]
[BlackElo "2337"]
[Annotator "TA"]
[PlyCount "122"]
[EventDate "2022.12.02"]
[EventType "rapid"]
[EventCountry "ROU"]
[SourceTitle "playchess.com"]
[Source "ChessBase"]
[SourceQuality "1"]
[TimeControl "600+5"]

1. Nf3 Nf6 2. c4 g6 3. Nc3 Bg7 4. e4 d6 5. d4 O-O 6. Be2 e5 7. O-O Nh5 8. g3 (8. Bg5 $5 f6 9. Be3 $14) 8... Bg4 {[%emt 0:01:56] E94: King's Indian: Classical: 6 Be2 e5 7 0-0: Various Black 7th moves.} 9. Bg5 f6 (9... Qc8 $11) 10. Be3 $16 Nc6 {[%emt 0:00:22] [#] White is better.} 11. c5 $146 (11. d5 {simplifies} Ne7 12. Rc1 c5 13. a3) ({Predecessor:} 11. d5 Ne7 12. c5 a6 13. Rc1 Qe8 14. Qb3 g5 15. Qxb7 Nf4 16. Bxf4 gxf4 17. Qxc7 dxc5 {½-½ (57) Fang,Y (2435)-Ilincic,Z (2405) Kecskemet 2016}) 11... Kh8 (11... f5 $14) 12. cxd6 (12. d5 $142) 12... cxd6 13. dxe5 dxe5 14. Qxd8 Rfxd8 15. Rfd1 Bf8 16. Kf1 (16. Kg2 $14 {feels stronger.}) 16... Ng7 17. Nd5 Bh3+ 18. Kg1 Ne8 19. Rac1 Kg7 (19... Rac8 {simplifies} 20. Nd2 Nb4 21. Rxc8 Rxc8 22. Nxb4 Bxb4 23. a3 Bxd2 24. Rxd2 Rc1+) 20. a3 Nd6 21. Nd2 Rac8 22. f3 (22. g4 $14 {was preferrable.}) 22... Be6 $11 23. Nc4 Nb5 24. Kf2 (24. Na5 {is interesting.} Nbd4 25. Bxd4 Nxd4 26. Kf2) 24... Nbd4 25. Bd3 Bxd5 26. exd5 Rxd5 27. Be4 Rdd8 28. b4 a6 29. Nb6 Rc7 30. Rc4 Ne6 31. Rdc1 Rd6 32. a4 {[%emt 0:00:20] [#] Threatens to win with b5.} f5 {[%emt 0:00:03] Inhibits b5.} 33. Bd5 f4 {[%emt 0:00:09] Against b5} ({Don't do} 33... Ned4 34. Bxd4 (34. f4 Re7 $14) 34... exd4 35. b5 axb5 36. axb5 $16) 34. gxf4 exf4 35. Bd2 {[%emt 0:00:04] b5 is the strong threat.} (35. Bxf4 {simplifies} Nxf4 36. Rxf4 Re7 37. a5) 35... Rf7 36. Bc3+ Kh6 $1 37. Re1 Ncd8 38. a5 {[%emt 0:00:07] Black must now prevent Be5.} Rf5 ({Black should play} 38... Bg7 $11) 39. Be4 $2 {[%emt 0:00:11] A strong pair of Bishops.} (39. Be5 $16 Rxd5 40. Nxd5) 39... Rh5 40. Kg2 (40. Nc8 $1 $11 {remains equal.} Rd7 41. Nb6) 40... Bg7 $17 41. Bxg7+ (41. Na4 $17) 41... Kxg7 42. Re2 {[%emt 0:00:09] Inhibits Rd2.} (42. Rc2 $17) 42... Kf6 $2 (42... Rd1 $19 {( -> ...Rg5+)} 43. h3 Rg5+ 44. Kh2 Rgg1) 43. Rcc2 $15 Rb5 {[%emt 0:00:06] aiming for ...Rdxb6.} (43... Rg5+ {feels hotter.} 44. Kf2 Rd1 45. Red2 Rgg1) 44. Red2 Rxd2+ 45. Rxd2 Kg5 (45... Rxb4 $2 46. Nd5+ Kf7 47. Nxb4 $18) 46. Nd5 (46. Rd7 $1 $11 Rxb4 47. Rxh7 Rb2+ 48. Kf1) 46... Nc6 $17 {[%emt 0:00:04] White is on the road to losing.} 47. Rb2 {[%emt 0:00:23] [#]} (47. Rd1 $17 {is a better defense.}) 47... Nxa5 $1 $19 48. Nc3 Nc4 49. Rb1 Rb6 50. h4+ Kxh4 51. Rh1+ Kg5 52. Rxh7 Rxb4 53. Nd5 $2 (53. Bxb7 Nc5 54. Ne4+ Nxe4 55. Bxe4) 53... Rb2+ 54. Kg1 Nd2 (54... Nd6 $142 55. Re7 Nd4) 55. Re7 $2 (55. Rh2 Nc4 56. Rxb2 Nxb2 57. Nb4) 55... Nxe4 56. Rxe6 {[%emt 0:00:05][%mdl 4096] Endgame KRN-KRN} Nd2 57. Kg2 Nc4+ 58. Kh3 Rf2 59. Re7 Rxf3+ 60. Kg2 Rd3 61. Re5+ Nxe5 {[%emt 0:00:02] Weighted Error Value: White=0.55/Black=0.33} 0-1

[Event "Romanian Rapid Open 2022"]
[Site "Sebes"]
[Date "2022.12.02"]
[Round "7.4"]
[White "Filip, Lucian-Ioan"]
[Black "Ileana, George"]
[Result "0-1"]
[ECO "D78"]
[WhiteElo "2370"]
[BlackElo "2343"]
[Annotator "TA"]
[PlyCount "120"]
[EventDate "2022.12.02"]
[EventType "rapid"]
[EventCountry "ROU"]
[SourceTitle "playchess.com"]
[Source "ChessBase"]
[SourceQuality "1"]
[TimeControl "600+5"]

1. Nf3 d5 2. d4 Nf6 3. c4 c6 4. g3 g6 5. Bg2 Bg7 6. O-O O-O 7. Ne5 {[%emt 0:00:05] 7.Nc3 is the modern continuation.} a5 {[%emt 0:01:50] D78: Fianchetto Grünfeld: 6 0-0 c6.} 8. Nc3 Na6 {[%emt 0:00:05][%cal Bb8a6,Ba6b4,Bb4c6][%mdl 32] [#]} 9. cxd5 $146 ({Predecessor:} 9. e3 dxc4 10. Nxc4 Nd5 11. Nxd5 cxd5 12. Ne5 Qd6 13. Bd2 b6 14. Rc1 Bb7 15. Bc3 {1-0 (38) Hauf,N (2014)-Reinfelder,F Forchheim 2013}) 9... cxd5 {[%emt 0:00:06] White is slightly better.} 10. Qb3 e6 11. Bg5 h6 12. Bxf6 Bxf6 13. f4 Nb4 14. e3 Bd7 15. a3 Nc6 16. Qxb7 Bxe5 17. dxe5 Rb8 18. Qa6 $36 {[%emt 0:00:00][%mdl 2048] White has the initiative.} Rxb2 19. Rab1 Qb8 {[%emt 0:00:09] aiming for ...Qb3.} 20. Nb5 $1 Rxb1 21. Rxb1 Qa8 (21... Rc8 $11) 22. Qxa8 $16 Rxa8 23. Nd6 Rb8 24. Rxb8+ Nxb8 {[%emt 0:00:02][%mdl 4096] Endgame KBN-KBN} 25. Nb7 Na6 (25... a4 $16) 26. Bf1 $18 ({Resist} 26. Nxa5 $6 Nc5 $16) 26... Nc7 (26... Nb8 $142 27. Nxa5 Ba4) 27. Nxa5 Kf8 28. Nb3 Ke7 29. Nd4 Na8 30. Kf2 Nb6 31. Ke1 f6 32. Nf3 Na4 33. Bd3 (33. Kd2 $142) 33... Be8 $2 (33... f5 {is a better defense.} 34. Nd4 Kd8) 34. Kd2 Nc5 35. Kc3 g5 36. Bc2 gxf4 37. gxf4 ({Much less strong is} 37. exf4 Nd7 38. exf6+ Kxf6 $18) 37... Bh5 38. exf6+ Kxf6 39. Ne5 Be8 $2 (39... Ke7 40. a4 Kd6) 40. Kb4 Na6+ 41. Ka5 Nc5 42. Kb6 Na4+ 43. Ka5 $2 (43. Bxa4 $18 Bxa4 44. Nc6) 43... Nc3 $2 (43... Nc5 $11 {and Black is okay.}) 44. Kb4 Ne2 45. Bd3 {[%emt 0:00:05] Prevents d4.} Nc1 46. Bf1 Kf5 47. Nd3 Nxd3+ 48. Bxd3+ {[%emt 0:00:01] KB-KB} Kg4 49. Bb5 $2 ({White should try} 49. Be2+ $18 Kf5 50. Bf3) 49... Bg6 $2 (49... Bxb5 $11 50. Kxb5 Kf3) 50. a4 (50. Be2+ $142 Kh3 51. a4) 50... Kf3 {[%emt 0:00:04] [#]} 51. a5 $2 ({White must play} 51. Bd7 $1 $18 Bf5 52. a5 Kxe3 53. a6) 51... Kxe3 $11 52. a6 {[%emt 0:00:00] White threatens a7 and mate.} d4 $1 53. Bc6 {[%emt 0:00:30] White wants to mate with a7.} d3 $1 54. a7 d2 $1 55. a8=Q {[%emt 0:00:02] [#] Intending Qa7+ and mate.} (55. a8=B d1=Q 56. Ka5 Qh5+ 57. f5 exf5 $19) (55. Ba4 $5 Be4 $8 56. Kc3 $11) 55... d1=Q 56. Qa7+ (56. Qa3+ $11 {was the only way to keep the balance.} Kxf4 57. Qg3+ Kf5 58. Qf2+ Ke5 59. Qg3+ Kf5 60. Qf2+ Ke5 61. Qg3+ Kf5) 56... Qd4+ $17 {[%emt 0:00:01] Black is clearly better.} 57. Qxd4+ Kxd4 58. Bb7 Ke3 59. Kc3 Bf5 60. Bc6 h5 {[%emt 0:00:45] Black used his chance.   Weighted Error Value: White=0.46/Black=0.43} 0-1

[Event "Romanian Rapid Open 2022"]
[Site "Sebes"]
[Date "2022.12.02"]
[Round "7.5"]
[White "Manea, Alexandru"]
[Black "Costachi, Mihnea"]
[Result "1/2-1/2"]
[ECO "E62"]
[WhiteElo "2339"]
[BlackElo "2476"]
[Annotator "TA"]
[PlyCount "51"]
[EventDate "2022.12.02"]
[EventType "rapid"]
[EventCountry "ROU"]
[SourceTitle "playchess.com"]
[Source "ChessBase"]
[SourceQuality "1"]
[TimeControl "600+5"]

1. d4 Nf6 2. Nf3 g6 3. g3 Bg7 4. Bg2 O-O 5. O-O d6 6. c4 Nc6 7. Nc3 Bf5 8. b3 Ne4 9. Bb2 Nxc3 10. Bxc3 Be4 11. Qd2 $1 {[%emt 0:00:07] 11.Qd2 is better than 11.Rc1.} e5 {[%emt 0:00:23] E62: King's Indian: Fianchetto: 6...c6 and Panno Variation (6...Nc6) without ...a6.} 12. dxe5 (12. d5 $5 Ne7 13. Ng5 Bxg2 14. Kxg2 $11) 12... dxe5 {[%emt 0:01:32] The position is equal.} 13. Rad1 {[%emt 0:01:22] [#] And now Qe3 would win.} Qxd2 14. Rxd2 Rad8 15. Rfd1 f6 16. Ne1 Bxg2 17. Kxg2 Rxd2 18. Rxd2 Rd8 19. Rxd8+ Nxd8 {[%emt 0:00:06] [#] An even fight not without its subleties.   Weighted Error Value: White=0.05 (flawless) /Black=0.03 (flawless)} {Predecessor:} 20. Nd3 $146 Ne6 21. e4 Kf7 22. f4 exf4 23. gxf4 Bf8 24. Kf3 Nc5 25. Nf2 h5 26. Nd1 {0-1 (46) Halkias,S (2567)-Costachi,M (2471) Chess.com INT 2020} 1/2-1/2

[Event "Romanian Rapid Open 2022"]
[Site "Sebes"]
[Date "2022.12.02"]
[Round "7.6"]
[White "Jianu, Vlad-Cristian"]
[Black "Talu, Mircea"]
[Result "1-0"]
[ECO "E12"]
[WhiteElo "2516"]
[BlackElo "2327"]
[Annotator "TA"]
[PlyCount "55"]
[EventDate "2022.12.02"]
[EventType "rapid"]
[EventCountry "ROU"]
[SourceTitle "playchess.com"]
[Source "ChessBase"]
[SourceQuality "1"]
[TimeControl "600+5"]

1. d4 Nf6 2. Nf3 e6 3. c4 b6 4. a3 Bb7 5. Nc3 d5 6. cxd5 Nxd5 7. Qc2 Nd7 8. e4 Nxc3 9. bxc3 Be7 10. Bd3 c5 11. O-O Rc8 12. Qe2 O-O 13. Bb2 Qc7 14. Rad1 {[%emt 0:01:04] E12: Queen's Indian: Unusual White 4th moves, 4 a3, 4 Nc3 Bb7 5 a3 and 4 Nc3 Bb7 .} e5 (14... Rfd8 $11) 15. Bb5 exd4 16. cxd4 {[%emt 0:00:03] White is better.} cxd4 $2 (16... a6 $16 {was necessary.} 17. Bxa6 c4) 17. Nxd4 $18 {[%emt 0:00:18] [#]} Bf6 $146 {[%emt 0:00:38] [#]} (17... Ne5 {might work better.} 18. Nf5 Rcd8) ({Predecessor:} 17... Rfd8 18. Nf5 Bf8 19. Nh6+ {1-0 (19) Molina,R (2417)-Maia,L (2307) Itajai 2014}) 18. Nf5 (18. Ne6 $142 $1 Qc2 19. Rxd7 Qxe2 20. Bxe2 Bxb2 21. Nxf8) 18... Ne5 19. f4 {[%emt 0:00:32] Against a6} Ng6 20. e5 Be7 (20... Qc2) 21. Rd7 Qc2 22. Nxe7+ Nxe7 23. Rxb7 Qc5+ 24. Kh1 Nd5 25. e6 {[%emt 0:00:22][%cal Oe2g4] Threatens to win with Qg4!} Ne3 {[%emt 0:00:09] Prevents Qg4.} 26. Re1 Nd5 27. exf7+ Kh8 {[%emt 0:00:03] [#]} 28. Qe5 $1 {[%emt 0:00:15] Black got outplayed after the opening.   Weighted Error Value: White=0.22 (precise) /Black=1.05} 1-0

[Event "Romanian Rapid Open 2022"]
[Site "Sebes"]
[Date "2022.12.02"]
[Round "7.7"]
[White "Ardelean, George-Catalin"]
[Black "Cosma, Elena-Luminita"]
[Result "1-0"]
[ECO "D00"]
[WhiteElo "2473"]
[BlackElo "2244"]
[Annotator "TA"]
[PlyCount "115"]
[EventDate "2022.12.02"]
[EventType "rapid"]
[EventCountry "ROU"]
[SourceTitle "playchess.com"]
[Source "ChessBase"]
[SourceQuality "1"]
[TimeControl "600+5"]

1. d4 d5 2. Bf4 c6 3. e3 Qb6 4. Qc1 Bf5 5. Nf3 e6 6. Be2 {[%emt 0:00:21] D00: 1 d4 d5: Unusual lines.} h6 7. O-O Nf6 8. c4 {[%emt 0:00:08] White has an edge.} Be7 9. Nc3 {[%emt 0:00:12] [#]} a5 $146 ({Predecessor:} 9... O-O 10. c5 Qd8 11. b4 Nh5 12. Be5 Nd7 13. Nd2 Nhf6 14. Bg3 Ne4 15. Ncxe4 Bxe4 {1-0 (39) Korpa,B (2536)-Torngren,G (2243) Villorba 2021}) 10. Ne5 Qd8 11. Qd1 Nbd7 12. Qb3 Ra7 13. Nxd7 Nxd7 14. f3 Bg5 15. Bxg5 Qxg5 16. f4 Qe7 17. Rfe1 O-O (17... a4 $5 18. Qa3 Qxa3 19. bxa3 Nf6 $11) 18. Bf3 (18. Qd1 $11) 18... Nf6 (18... a4 $1 $15 19. Qd1 dxc4) 19. e4 ({White should play} 19. c5 $11) 19... dxe4 $15 20. Bxe4 Qd6 21. Qb6 Ra6 22. Qc5 Qxf4 (22... Nxe4 {seems wilder.} 23. Nxe4 Qxf4 24. Nd6 Qd2) 23. Bxf5 exf5 (23... Qxf5 $6 24. Qxf5 exf5 25. Re7 $15) (23... Qxf5 {simplifies} 24. Qxf5 exf5 25. Rad1 Rd8) 24. Qe5 Qg5 25. Qc7 (25. Qe3 $17 {was worth a try.}) 25... Raa8 (25... Qd2 $19 26. Rad1 Qxb2) 26. Rad1 (26. Qxb7 $17 Rab8 27. Qxc6) 26... Rae8 $19 27. Rxe8 Rxe8 28. h3 $2 (28. Qg3) 28... f4 {[%emt 0:00:23] Strongly threatening ...f3.} 29. Rf1 {[%emt 0:00:03] [#] Prevents f3.} f3 (29... Nh5 $1 $19 {White must now prevent ...Qf6.} 30. Qxb7 Qf6) 30. Rxf3 $17 Qc1+ (30... Re1+ {is more complex.} 31. Kh2 Qc1 32. Qc8+ Kh7) 31. Kh2 {[%emt 0:00:07] [#]} Qxb2 (31... Re1 $1 $17 {[%cal Re1h1] ( -> ...Rh1+)} 32. Qc8+ (32. Qxa5 $2 {loses.} Rh1+ 33. Kg3 Qe1+ 34. Rf2 Rf1 $19) 32... Kh7 33. Qf5+ Kh8 34. Qc8+ (34. Qxa5 $2 {too greedy.} Rh1+ 35. Kg3 Qe1+ 36. Rf2 Rf1 $19) 34... Kh7 35. Qf5+ Kh8 36. Qc8+ (36. Qxa5 $2 Rh1+ 37. Kg3 Qe1+ 38. Rf2 Rf1 $19) 36... Kh7) 32. d5 $1 $11 Qd2 33. dxc6 bxc6 34. Qxc6 {[%emt 0:00:16] aiming for Rxf6.} Re3 (34... Qd4 {simplifies} 35. Nd5 Qe5+ 36. Kg1 Nxd5 37. Qxd5 Qxd5 38. cxd5 Re5) 35. Qc8+ Kh7 36. Qf5+ Kg8 (36... Kh8 {simplifies} 37. Qf4 Rd3 38. Qxd2 Rxd2 39. c5 Rd4) 37. Qc8+ Kh7 38. Qf5+ Kg8 39. Rxe3 (39. Qf4 $5 Rd3 $8 40. Qb8+ Rd8 41. Qg3 $11) 39... Qxe3 40. Nd5 Nxd5 {[%emt 0:00:01][%mdl 4096] Endgame} 41. Qc8+ Kh7 42. Qf5+ Kg8 {[%emt 0:00:01] Hoping for ...Qf4+.} 43. Qc8+ Kh7 44. Qf5+ Kg8 {[%emt 0:00:01] And now ...Qf4+ would win.} 45. cxd5 {[%emt 0:00:01] KQ-KQ} g6 46. Qc8+ Kg7 47. Qc7 {[%emt 0:00:08] Prevents Qe5+.} Qd2 48. Qe5+ (48. d6 $5 Qf4+ $8 49. Kg1 $11) 48... Kg8 49. d6 a4 50. a3 Kh7 51. h4 h5 52. Qf6 Qd5 53. Kg3 Kg8 54. Qe7 {[%emt 0:00:03] Threatening mate with d7.} Qd3+ 55. Kh2 {[%emt 0:00:01] White wants to mate with d7.} Qxa3 $2 (55... Qd4 $11) 56. Qe8+ {[%emt 0:00:05] White mates.} Kg7 57. Qe5+ Kh7 58. d7 {[%emt 0:00:14] White used his chance.   Weighted Error Value: White=0.15 (very precise) /Black=0.28 (precise)} ({Weaker is} 58. Qd4 Qb3 $16) 1-0

[Event "Romanian Rapid Open 2022"]
[Site "Sebes"]
[Date "2022.12.02"]
[Round "7.8"]
[White "Secheres, Adrian-Simion"]
[Black "Bulmaga, Irina"]
[Result "1-0"]
[ECO "E32"]
[WhiteElo "2365"]
[BlackElo "2426"]
[Annotator "TA"]
[PlyCount "151"]
[EventDate "2022.12.02"]
[EventType "rapid"]
[EventCountry "ROU"]
[SourceTitle "playchess.com"]
[Source "ChessBase"]
[SourceQuality "1"]
[TimeControl "600+5"]

1. d4 Nf6 2. c4 e6 3. Nc3 Bb4 4. Qc2 O-O 5. Nf3 d6 6. Bd2 c5 7. a3 {[%emt 0:00:45] E32: Nimzo-Indian: Classical (4 Qc2): 4...0-0.} Bxc3 8. Bxc3 cxd4 9. Nxd4 {[%emt 0:00:29] The position is equal.} e5 10. Nf3 {[%emt 0:00:03] [#]} Be6 $146 ({Predecessor:} 10... Nbd7 11. e3 b6 12. Be2 Bb7 13. O-O Ne4 14. Rfd1 Qe7 15. Be1 f5 16. b4 Rf6 {1-0 (44) Lopez Martinez,J (2581)-Peralta,F (2582) Barcelona 2018}) 11. e3 Qc8 12. b3 Bf5 13. Qb2 Ne4 14. Be2 Nd7 15. O-O a5 16. Nd2 Nxc3 17. Qxc3 Qc6 18. Rfd1 Nc5 19. b4 Na4 20. Qb3 {[%emt 0:00:01] aiming for b5.} Nb6 21. Rac1 Nd7 22. Qb2 (22. Bf3 $5 Qc7 23. g4 $14) 22... b6 23. Bf3 e4 24. Be2 a4 {[%emt 0:00:45] Prevents Nb3.} (24... Ne5 $16 {was called for.}) 25. Qd4 Nf6 26. Nb1 Rfd8 27. Nc3 h5 (27... Rab8 $142 28. h3 h6) 28. Nd5 $18 Nxd5 29. cxd5 (29. Qxd5 $6 Qxd5 30. Rxd5 (30. cxd5 g6 $16) 30... Be6 $16) 29... Qb7 30. Bxh5 Rac8 31. h3 b5 32. Be2 f6 33. Qd2 (33. Kh2 $18) 33... Bg6 (33... Bd7 $16 34. Bh5 Kh7) 34. Rc6 Be8 35. Rxc8 Rxc8 36. Bg4 Rc4 37. Be2 (37. Be6+ $16 Kf8 38. Qe2) 37... Rc8 $14 38. Qd4 Bg6 39. h4 Rc2 {[%emt 0:00:08] Against h5} 40. Rd2 Rc1+ 41. Kh2 $1 f5 42. g3 (42. Qb2 $14 Rc8 43. h5) 42... Be8 43. Rd1 Rc2 44. Rd2 Qc7 45. g4 Qc3 $2 (45... Qc8 $11 {and Black stays safe.}) 46. Qxc3 $1 $18 (46. gxf5 $2 Qxd2 47. Qxd2 Rxd2 $19) 46... Rxc3 {[%emt 0:00:00][%mdl 4096] Endgame KRB-KRB} 47. Ra2 (47. gxf5 $16 {Strongly threatening Ra2.} Rxa3 48. Rc2) 47... fxg4 $14 {[%emt 0:00:15] [#]} 48. Kg3 $1 (48. Bxg4 Bf7 $11) 48... Bf7 $2 {[%emt 0:00:06][%mdl 8192] This costs Black the game.} (48... Bd7 $1 $14) 49. Bxb5 $18 ({Less strong is} 49. Kxg4 Bxd5 50. Rd2 Bc4 $14) 49... Bxd5 50. Rd2 Bf7 51. Bxa4 ({Weaker is} 51. Kxg4 Rxa3 52. Rxd6 Ra1 $14) 51... Rxa3 52. Bc6 Rb3 53. b5 ({Not} 53. Bxe4 Rxb4 54. Bc6 Kf8 55. Rxd6 Rb6 56. Rd8+ (56. Kxg4 Be8 $11) 56... Ke7 57. Rd7+ Kf6 $18) 53... d5 54. Rxd5 Be6 55. Re5 Kf7 56. Rxe4 Rb1 57. Rd4 Rg1+ 58. Kf4 Rf1 59. Rd2 Rb1 60. h5 Kf6 61. e4 Rb4 62. Ke3 (62. Rd6 $142 {Threatens to win with Bd5.} Kf7 63. b6 Rxb6 {[#]} 64. Be8+ $1 Kxe8 65. Rxb6) 62... Ke5 63. Kd3 Rb3+ (63... Bf7 {keeps fighting.} 64. Kc2 Be6) 64. Kc2 Rb4 65. Rd8 Kf4 66. Rf8+ Kg5 67. Kc3 Rb3+ 68. Kd4 Kxh5 69. Kc5 {[%emt 0:00:03] And now b6 would win.} Rc3+ 70. Kd6 Rb3 71. Kxe6 {[%emt 0:00:03] White mates.} Kh4 72. Kd6 Kh3 73. Kc5 Kg2 74. b6 Rb2 75. e5+ Kg1 76. b7 {[%emt 0:00:01] Weighted Error Value: White=0.20 (precise) /Black=0.33} 1-0

[Event "Romanian Rapid Open 2022"]
[Site "Sebes"]
[Date "2022.12.02"]
[Round "7.9"]
[White "Soltanici, Ruslan"]
[Black "Dragomirescu, Angela"]
[Result "1-0"]
[ECO "B08"]
[WhiteElo "2357"]
[BlackElo "2104"]
[Annotator "TA"]
[PlyCount "73"]
[EventDate "2022.12.02"]
[EventType "rapid"]
[EventCountry "ROU"]
[SourceTitle "playchess.com"]
[Source "ChessBase"]
[SourceQuality "1"]
[TimeControl "600+5"]

1. e4 d6 2. d4 Nf6 3. Nc3 g6 4. Nf3 Bg7 5. Be2 O-O 6. O-O c6 7. a4 Qc7 8. Bf4 Nh5 {[%emt 0:00:18] B08: Pirc Defence: Classical System.} (8... Nbd7 $11 {is superior.}) 9. Be3 $14 e5 10. a5 Nd7 {[%emt 0:00:44] White is slightly better.} 11. Re1 {[%emt 0:00:52] [#]} Nhf6 $146 ({Predecessor:} 11... Nf4 12. Bc4 b5 13. Bb3 b4 14. Ne2 Nxe2+ 15. Qxe2 Rb8 16. dxe5 Nxe5 17. Nxe5 Bxe5 18. Ra2 Be6 19. f4 Bxb3 20. cxb3 Bg7 21. Qf2 c5 22. e5 Rfc8 23. exd6 Qxd6 24. Raa1 {½-½ (24) Izdebska,M (2065)-Hagesaether,N (2090) Rimavska Sobota 1996}) 12. h3 Re8 13. d5 cxd5 14. exd5 (14. Nxd5 Nxd5 15. exd5 (15. Qxd5 Nf6 $11) 15... f5 $11) 14... e4 ({Black should play} 14... Qb8) 15. Nd2 $1 $16 Ne5 16. Nb5 (16. Ncxe4 $6 Nxd5 17. Bg5 h6 $11) ({White should try} 16. Bd4) 16... Qb8 17. c4 Bd7 18. Nc3 Qc7 19. b4 (19. Ndxe4 $6 Nxc4 20. Nxf6+ Bxf6 $14) (19. Ncxe4 $6 Nxe4 20. Nxe4 Nxc4 21. Bxc4 Rxe4 $11) (19. Bd4 $142) 19... Nd3 20. Bxd3 exd3 21. Qb1 (21. Rc1 $16) 21... Bf5 22. Nb5 Qb8 (22... Qd7 $11 {remains equal.} 23. Nd4 Ne4 24. Nxf5 Qxf5) 23. Nd4 {[%emt 0:00:04] Threatens to win with Nxf5. Pair of Knights!} Qc8 24. Ra3 (24. Nxf5 $1 $16 Qxf5 25. Ra3) 24... Ne4 (24... Bxh3 $1 $14 25. gxh3 Qxh3) 25. Nxf5 (25. Rxd3 $2 Nxd2 26. Bxd2 Bxd4 $19) (25. Qxd3 {[#]} Nxf2 $1 26. Qf1 Nxh3+ $1 27. gxh3 Rxe3 $1 28. Rexe3 Bxd4 $15) 25... Qxf5 (25... Nxd2 $16 {keeps fighting.} 26. Bxd2 (26. Qxd3 Nxc4 27. Nxg7 Rxe3 $16) 26... Rxe1+ 27. Qxe1 (27. Bxe1 Qxf5 28. Qxd3 Qxd3 $16) 27... Qxf5) 26. Qxd3 $18 (26. Rxd3 $6 Nxd2 27. Bxd2 (27. Rxd2 Bc3 $11) 27... Rxe1+ 28. Bxe1 Rc8 $14) 26... Re7 $2 (26... Nxd2 {is more resistant.} 27. Qxd2 Rac8) 27. g4 Qe5 {[%emt 0:00:05] [#]} 28. Bd4 $1 {[%emt 0:00:35][%mdl 512] Against f5} Qxd4 29. Qxd4 (29. Rxe4 $6 Rxe4 30. Nxe4 Rd8 31. Qxd4 Bxd4 $18) (29. Nxe4 $2 Qxd3 30. Rxd3 f5 31. gxf5 gxf5 $19) 29... Bxd4 30. Rxe4 Rxe4 31. Nxe4 {[%emt 0:00:02][%mdl 4096] Endgame KRB-KRN} Be5 32. c5 Rc8 $2 (32... a6 {was called for.} 33. cxd6 (33. Nxd6 Bxd6 34. cxd6 Rd8 $16) 33... f5) 33. a6 (33. cxd6 Rd8 34. Re3 b6 $16) (33. Nxd6 Bxd6 34. cxd6 Rd8 $18) 33... bxa6 34. c6 ({Not} 34. Rxa6 dxc5 35. Nxc5 (35. Rxa7 cxb4 36. d6 Rd8 $15) (35. bxc5 f5 $16) 35... Bd4 $16) (34. cxd6 Rd8 $16) ({Less strong is} 34. Nxd6 Bxd6 35. cxd6 Rb8 36. Rxa6 Rb7 $18) 34... Rb8 $2 (34... f5 35. Ng5 Bd4 36. gxf5 gxf5) 35. Rxa6 {[%emt 0:00:04] White is clearly winning.} Rxb4 36. c7 Rc4 {[%emt 0:00:02] Inhibits c8Q+.} 37. Rc6 {[%emt 0:00:01] Weighted Error Value: White=0.33/Black=0.59} ({Worse is} 37. Nxd6 Rxc7 38. Kg2 Rc5 $11) 1-0

[Event "Romanian Rapid Open 2022"]
[Site "Sebes"]
[Date "2022.12.02"]
[Round "7.10"]
[White "Anton, Teodor"]
[Black "Craciun, Sasha-Matei"]
[Result "1/2-1/2"]
[ECO "D40"]
[WhiteElo "2438"]
[BlackElo "2001"]
[Annotator "TA"]
[PlyCount "153"]
[EventDate "2022.12.02"]
[EventType "rapid"]
[EventCountry "ROU"]
[SourceTitle "playchess.com"]
[Source "ChessBase"]
[SourceQuality "1"]
[TimeControl "600+5"]

1. d4 d5 2. c4 e6 3. Nc3 Be7 4. Nf3 Nf6 5. Bg5 h6 6. Bh4 O-O 7. e3 Nbd7 8. Bd3 dxc4 9. Bxc4 c5 10. O-O cxd4 11. exd4 Nb6 12. Bb3 Nfd5 {[%emt 0:00:15] D40: Queen's Gambit Declined: Semi-Tarrasch with 5 e3.} 13. Bxe7 Qxe7 {[%emt 0:00:40] [#]} 14. Nxd5 $146 ({Predecessor:} 14. Ne4 Bd7 15. Nc5 Bb5 16. Re1 Rad8 17. a4 Bc6 18. Ne5 Nf4 19. Nxc6 bxc6 20. Re4 {0-1 (48) Cori Tello,D (2389)-Socko,M (2471) Riadh 2017}) 14... Nxd5 15. Bxd5 exd5 16. Re1 Qd6 17. Ne5 Bf5 18. Qh5 Bh7 19. Rac1 Rad8 20. a3 {[%emt 0:00:57] Against Qb4} f6 21. Ng6 Bxg6 22. Qxg6 Rf7 23. b4 Re7 24. g3 Qd7 25. Rxe7 Qxe7 $11 {[%emt 0:00:01][%mdl 4096] Endgame KQR-KQR} 26. Qf5 Qd7 27. Qxd7 Rxd7 {[%emt 0:00:01] KR-KR} 28. Rc8+ Kf7 29. b5 Kg6 30. Ra8 b6 31. Rc8 Re7 32. Rd8 Re1+ 33. Kg2 Ra1 34. Rxd5 Rxa3 35. Rd6 Rb3 36. Rd5 Ra3 37. h4 f5 38. Rd6+ Kf7 39. h5 Ra5 40. Rd5 Ke6 41. Re5+ Kf6 42. Kf3 {[%emt 0:00:04] aiming for Kf4.} Ra4 43. Ke3 Rb4 44. Rd5 {[%emt 0:00:21] Kf4 is the strong threat.} Ke6 45. Re5+ Kf6 46. f3 Ra4 47. Re8 Kf7 48. Rd8 Ke7 {[%emt 0:00:03] Inhibits Rd7+.} 49. Rc8 Rb4 50. Rc7+ Kf6 51. Rc6+ Ke7 52. Rc7+ Kf6 53. Rxa7 Rxb5 54. Rd7 Rb1 55. Kf4 {[%emt 0:00:06] And now Rd6+ would win.} b5 $2 (55... Rb3 $11) 56. Rd5 b4 57. Rxf5+ (57. Rd6+ $16 Ke7 58. Rg6) 57... Ke6 $18 58. Rb5 $1 b3 $2 {[%emt 0:00:00][%mdl 8192] [#]} (58... Kd6 $16 {might work better.} 59. d5 Rd1) 59. g4 $2 (59. d5+ $1 $18 Kf6 60. Rb6+ Kf7 61. Kf5) 59... b2 $16 60. d5+ (60. Rb4 {simplifies} Rd1 61. Rxb2 Rxd4+ 62. Ke3) 60... Kf6 (60... Kd6 $2 61. Kf5 $18) 61. Rb6+ Kf7 62. Kf5 {[%emt 0:00:02] Black must now prevent Rb7+. White is more active.} (62. Rb7+ {keeps more tension.} Kf6 63. d6 Ke6 64. d7) 62... Rd1 63. Rb7+ (63. Rxb2 {simplifies} Rxd5+ 64. Ke4 Rd7 65. Ra2) 63... Kf8 $2 (63... Kg8 $16 64. Rxb2 Rxd5+ 65. Ke4 Rd7) 64. Rxb2 $18 Rxd5+ {[%emt 0:00:01] [#]} 65. Ke6 $2 (65. Kg6 $1 $18) 65... Rd8 $16 {[%emt 0:00:02] Prevents Rb8.} 66. f4 Ra8 67. Rb6 Kg8 68. Kf5 {[%emt 0:00:03] Threatens to win with Kg6.} Kh7 69. g5 (69. Rd6 $16) 69... Ra5+ $11 {[%emt 0:00:03] The position is equal.} 70. Kg4 {[%emt 0:00:03] Intending g6+ and mate.} hxg5 71. fxg5 Ra4+ 72. Kg3 Ra5 73. Rg6 Ra4 74. Kf3 Rh4 75. Re6 Rxh5 76. Kg4 Rh1 77. Ra6 {[%emt 0:00:05] Black escapes into a draw.   Weighted Error Value: White=0.23 (precise) /Black=0.20 (precise)} 1/2-1/2